 Dungeon Crawl Stone Soup version 0.31-a0-233-g139696dc86 (webtiles) character file.

Game seed: 4980414268352510887

36485 qw the Marksminotaur (level 13, -9/122 HPs)
             Began as a Minotaur Hexslinger on July 7, 2023.
             Was an Elder of Okawaru.
             Mangled by a yak (11 damage)
             ... on level 5 of the Lair of Beasts.
             The game lasted 00:05:59 (12788 turns).

qw the Marksminotaur (Minotaur Hexslinger)         Turns: 12788, Time: 00:06:00

Health: -9/122     AC:  9    Str: 15    XL:     13   Next: 53%
Magic:  19/19      EV: 29    Int: 10    God:    Okawaru [****..]
Gold:   465        SH:  0    Dex: 22    Spells: 13/14 levels left

rFire   . . .        Y - +2 longbow (flame)
rCold   . . .        (shield currently unavailable)
rNeg    . . .        q - +2 leather armour {rPois}
rPois   +            r - +1 hat
rElec   .            o - +1 cloak {Will+}
rCorr   .            (no gloves)
SInv    .            (no boots)
Will    +....        j - amulet of faith
Stlth   +++          e - +6 ring of dexterity
HPRegen 0.40/turn    i - +5 ring of evasion
MPRegen 0.16/turn

%: faith
@: heroic
A: horns 2, retaliatory headbutt
a: Renounce Religion, Heroism, Finesse


You were on level 5 of the Lair of Beasts.
You worshipped Okawaru.
Okawaru was greatly pleased with you.
You visited 3 branches of the dungeon, and saw 15 of its levels.
You also visited: Sewer.

You collected 840 gold pieces.
You spent 375 gold pieces at shops.


Innate Abilities, Weirdness & Mutations

You have a pair of horns on your head.
You reflexively headbutt those who attack you in melee.


   Skills:
 - Level 13.0(18.0) Fighting
 + Level 16.5(21.5) Ranged Weapons
 - Level 4.5(9.5) Armour
 - Level 11.0(16.0) Dodging
 - Level 1.0 Spellcasting
 - Level 2.0 Hexes
 - Level 10.0 Invocations


You had 13 spell levels left.
You knew the following spells:

 Your Spells              Type           Power      Damage    Failure   Level
a - Slow                  Hex            16%        N/A       19%         1

Your spell library contained the following spells:

 Spells                   Type           Power      Damage    Failure   Level
 Inner Flame              Hex/Fire       2%         N/A       63%         3
 Portal Projectile        Hex/Tloc       4%         N/A       63%         3
 Cause Fear               Hex            2%         N/A       87%         4

Inventory:

Hand Weapons
 Y - a +2 longbow of flaming (weapon)
Armour
 o - a +1 cloak of willpower (worn)
 q - a +2 leather armour of poison resistance (worn)
 r - a +1 hat (worn)
Jewellery
 d - a ring of protection from fire
 e - a +6 ring of dexterity (left hand)
 f - an amulet of regeneration
 i - a +5 ring of evasion (right hand)
 j - an amulet of faith (around neck)
 k - the amulet "Huenoplo" {Acrobat Will+ Dex+3}
   (You acquired it on level 4 of the Dungeon)

   [amulet of the acrobat]

   It increases your evasion while moving and waiting.
   Dex:       It affects your dexterity (+3).
   Will:      It increases your willpower.
Scrolls
 b - a scroll of identify
Potions
 a - 2 potions of haste
 g - a potion of mutation
 h - 3 potions of curing
 m - a potion of enlightenment
 p - 3 potions of magic
 t - a potion of lignification {unknown}

Dungeon Overview and Level Annotations

Branches:
Dungeon (9/15)             Temple (1/1) D:4            Lair (5/5) D:9
 Shoals (0/4) Lair:3       Spider (0/4) Lair:3        Sewer (visited)
  Slime: Lair:4-5       Orc: D:9-12

Altars:
Ashenzari
Cheibriados
Dithmenos
Elyvilon
Fedhas
Gozag
Hepliaklqana
Kikubaaqudgha
Makhleb
Nemelex Xobeh
Okawaru
Qazlal
Ru
Sif Muna
Trog
Uskayaw
Vehumet
Wu Jian
Xom
Yredelemnul
Zin
The Shining One

Shops:
D:8 =


Message History

The yak gores you! The yak closely misses you. You furiously retaliate!
You headbutt the yak. The cane toad completely misses you.
You furiously retaliate!
You headbutt the cane toad! You shoot an arrow. The arrow hits the yak.
The arrow burns the yak.
You kill the yak!
Okawaru accepts your kill. The cane toad completely misses you.
The yak closely misses you. The yak gores you! The yak gores you.
The yak completely misses you. You furiously retaliate!
You headbutt the yak, but do no damage. The yak closely misses you. x2
You shoot an arrow. The arrow hits the cane toad!
The arrow burns the cane toad.
The cane toad is severely wounded.
The cane toad stings you! The yak completely misses you.
You furiously retaliate!
You headbutt the yak! The yak gores you. The yak gores you!
The yak closely misses you. You furiously retaliate!
You headbutt the yak! The yak barely misses you. The yak misses you.
You shoot an arrow. The arrow hits the cane toad!
The arrow burns the cane toad.
You kill the cane toad!
Okawaru accepts your kill.
You shoot an arrow. The arrow hits the yak!!
The arrow burns the yak.
You kill the yak!
Okawaru accepts your kill. The yak misses you.
The yak gores you! x2; The yak gores you. x2
You shoot an arrow. The arrow hits the yak!!
The arrow burns the yak.
The yak is almost dead.
The yak closely misses you. You furiously retaliate!
You headbutt the yak.
The yak misses you. x3; The yak barely misses you.
You shoot an arrow.
The arrow hits the yak but does no damage.
The yak is almost dead.
The yak gores you but does no damage. The yak gores you. The yak gores you!
The yak completely misses you. The yak barely misses you.
You furiously retaliate!
You headbutt the yak! You shoot an arrow. The arrow closely misses the yak.
You shoot an arrow. The arrow hits the yak.
The arrow burns the yak.
You kill the yak!
Okawaru accepts your kill. The yak completely misses you. The yak gores you.
The yak barely misses you. The yak gores you!
You die...

..... ..###
.....#####....#
...............
.......$........
...............
...............
......Y%.......
......%@Y......
##....YY...####
#.%......#.#
#.<......# #
#P..^..$.##
##?.......#
###.......
#....... ...#...


You could see 4 yaks.

Vanquished Creatures
  Gastronok (Lair:2)
  Nessos (Lair:4)
  A hydra (Lair:3)
  Harold (Lair:1)
  A boulder beetle (Lair:1)
  4 death yaks (Lair:4)
  A skyshark (Lair:4)
  A lindwurm (Lair:2)
  An ugly thing (D:7)
  A merfolk siren (Lair:3)
  A torpor snail (Lair:3)
  2 black mambas
  A rime drake (Lair:2)
  5 komodo dragons
  12 cane toads
  Grinder (D:5)
  27 blink frogs
  2 polar bears
  Prince Ribbit (Lair:1)
  12 dream sheep
  4 wyverns
  Eustachio (D:4)
  61 yaks
  A basilisk (Lair:1)
  Menkaure (D:5)
  6 water moccasins
  3 sky beasts
  3 ice beasts
  2 black bears
  4 orc warriors
  2 ogres
  7 centaurs
  A phantom (D:5)
  2 kobold brigands
  14 bullfrogs
  2 scorpions
  12 wights (D:8)
  A howler monkey (D:5)
  7 hounds
  A jelly (D:6)
  5 orc priests
  A gnoll bouda (D:8)
  A sleepcap (D:4)
  3 iguanas
  5 orc wizards
  7 hell rats (Lair:3)
  3 gnolls (D:8)
  12 adders
  2 river rats (Sewer)
  2 white imps
  2 worms
  3 dart slugs
  29 orcs
  13 ball pythons
  8 endoplasms
  4 giant cockroaches
  7 goblins
  6 hobgoblins
  4 jackals
  4 quokkas
  4 bats
  6 frilled lizards
  9 kobolds
  9 rats
361 creatures vanquished.

Notes
Turn   | Place    | Note
-------+----------+-------------------------------------------
     0 | D:1      | qw the Minotaur Hexslinger began the quest for the Orb.
     0 | D:1      | Reached XP level 1. HP: 16/16 MP: 1/1
     0 | D:1      | 0 ||| qw: Version: 0.3-a-46-gb1f654a
     0 | D:1      | 0 ||| qw: Game counter: 3265
     0 | D:1      | 0 ||| qw: Melee chars always use a shield: true
     0 | D:1      | 0 ||| qw: God list: Okawaru
     0 | D:1      | 0 ||| qw: Allow faded altars: false
     0 | D:1      | 0 ||| qw: Do Orc after clearing Dungeon:15 true
     0 | D:1      | 0 ||| qw: Do second Lair branch before Depths: true
     0 | D:1      | 0 ||| qw: Lair rune preference: random
     0 | D:1      | 0 ||| qw: Goals: Normal
     0 | D:1      | 0 ||| PLANNING D:1-11
    18 | D:1      | 18 ||| SWAPPING to +3 sling.
    19 | D:1      | 19 ||| DROPPING +1 sling.
   120 | D:1      | Reached skill level 3 in Ranged Weapons
   137 | D:1      | Reached XP level 2. HP: 23/23 MP: 2/2
   584 | D:1      | 584 ||| UPGRADING to +0 ring mail.
   594 | D:1      | 594 ||| DROPPING +0 robe.
   595 | D:1      | 595 ||| READING scroll labelled NOCWAI SOOPOHE.
   596 | D:1      | 596 ||| READING scroll labelled ARAXOA GAUST.
   597 | D:1      | 597 ||| READING scroll labelled LIB CEACKEGEGU.
   598 | D:1      | 598 ||| DRINKING 2 green potions.
   599 | D:1      | 599 ||| DROPPING scroll of poison.
   705 | D:2      | Reached XP level 3. HP: 29/29 MP: 3/3
  1031 | D:2      | 1031 ||| READING scroll labelled NETOEMP TEAR.
  1032 | D:2      | 1032 ||| DRINKING 2 silvery potions.
  1251 | D:2      | Reached skill level 4 in Ranged Weapons
  1555 | D:3      | Reached skill level 1 in Armour
  1644 | D:3      | Reached XP level 4. HP: 33/36 MP: 4/4
  1876 | D:3      | Found a faded altar of an unknown god.
  1921 | D:3      | Reached skill level 5 in Ranged Weapons
  1951 | D:3      | Found a stormy altar of Qazlal.
  1951 | D:3      | Noticed a sky beast
  1961 | D:3      | Reached XP level 5. HP: 23/41 MP: 5/5
  1964 | D:3      | Killed a sky beast
  2271 | D:3      | 2271 ||| UPGRADING to +6 ring of dexterity.
  2272 | D:3      | 2272 ||| UPGRADING to +5 ring of evasion.
  2273 | D:3      | 2273 ||| READING scroll labelled KAATZE DIPHOU.
  2385 | D:4      | 2385 ||| PLANNING SEWER
  2428 | D:4      | Reached XP level 6. HP: 52/52 MP: 6/6
  2438 | D:4      | Found a staircase to the Ecumenical Temple.
  2454 | D:4      | Found a burning altar of Makhleb.
  2461 | D:4      | Reached skill level 6 in Ranged Weapons
  2685 | D:4      | 2685 ||| SWAPPING to +0 orcbow.
  2686 | D:4      | 2686 ||| DROPPING +4 sling.
  2758 | D:4      | Found a glowing drain.
  2759 | D:4      | 2759 ||| UPGRADING to +0 cloak.
  2764 | D:4      | 2764 ||| UPGRADING to amulet of faith.
  2769 | D:4      | 2769 ||| READING scroll labelled UREOMA EHAHU.
  2769 | D:4      | Identified a scroll of acquirement
  2769 | D:4      | 2769 ||| ACQUIRING amulet "Huenoplo" {Acrobat Will+ Dex+3}
  2769 | D:4      | Acquired the amulet "Huenoplo" {Acrobat Will+ Dex+3}
  2771 | D:4      | 2771 ||| READING scroll labelled RAHULO JUESCH.
  2818 | Sewer    | Entered a sewer
  2845 | Sewer    | Reached skill level 7 in Ranged Weapons
  2880 | Sewer    | Reached XP level 7. HP: 59/59 MP: 7/7
  3008 | Sewer    | Reached skill level 3 in Dodging
  3345 | Sewer    | 3345 ||| READING scroll labelled DOMULO WOJI.
  3346 | Sewer    | 3346 ||| READING scroll labelled SANUECZANI.
  3351 | Sewer    | 3351 ||| DRINKING 2 metallic ruby potions.
  3352 | Sewer    | 3352 ||| DROPPING potion of magic.
  3361 | D:4      | 3361 ||| PLANNING TEMPLE
  3428 | Temple   | Entered the Ecumenical Temple
  3593 | Temple   | 3593 ||| PLANNING D:1-11
  3639 | D:4      | 3639 ||| STAIRDANCE
  3643 | D:4      | 3643 ||| STAIRDANCE
  3647 | D:4      | 3647 ||| STAIRDANCE
  3651 | D:4      | 3651 ||| STAIRDANCE
  3655 | D:4      | 3655 ||| STAIRDANCE
  3659 | D:4      | 3659 ||| STAIRDANCE
  3663 | D:4      | 3663 ||| STAIRDANCE
  3667 | D:4      | 3667 ||| STAIRDANCE
  3671 | D:4      | 3671 ||| STAIRDANCE
  3675 | D:4      | 3675 ||| STAIRDANCE
  3679 | D:4      | 3679 ||| STAIRDANCE
  3683 | D:4      | 3683 ||| STAIRDANCE
  3687 | D:4      | 3687 ||| STAIRDANCE
  3691 | D:4      | 3691 ||| STAIRDANCE
  3695 | D:4      | 3695 ||| STAIRDANCE
  3699 | D:4      | 3699 ||| STAIRDANCE
  3703 | D:4      | 3703 ||| STAIRDANCE
  3707 | D:4      | 3707 ||| STAIRDANCE
  3711 | D:4      | 3711 ||| STAIRDANCE
  3715 | D:4      | 3715 ||| STAIRDANCE
  3754 | D:4      | 3754 ||| FLEEEEING.
  3807 | D:3      | Found a bloodstained altar of Trog.
  3958 | D:4      | Reached skill level 8 in Ranged Weapons
  4115 | D:5      | Entered Level 5 of the Dungeon
  4156 | D:5      | Found a hide-covered altar of Uskayaw.
  4238 | D:5      | HP: 7/59 [iguana (12)]
  4424 | D:5      | Found an ancient bone altar of Kikubaaqudgha.
  4437 | D:5      | Reached skill level 3 in Armour
  4686 | D:5      | Found an iron altar of Okawaru.
  4687 | D:5      | 4687 ||| PLANNING OKAWARU WORSHIP
  4687 | D:5      | 4687 ||| READING scroll labelled UCOIMI OBLU.
  4688 | D:5      | 4688 ||| READING scroll labelled TULASO ZAOVOVY.
  4695 | D:5      | Became a worshipper of Warmaster Okawaru
  4696 | D:5      | 4696 ||| PLANNING D:1-11
  4712 | D:5      | Reached XP level 8. HP: 68/68 MP: 8/8
  4749 | D:5      | Noticed Grinder
  4761 | D:5      | Paralysed by Grinder for 2 turns
  4764 | D:5      | Killed Grinder
  4764 | D:5      | Reached * piety under Okawaru
  4765 | D:5      | Reached skill level 9 in Ranged Weapons
  4862 | D:5      | Found a blossoming altar of Fedhas.
  4876 | D:5      | Reached skill level 1 in Invocations
  4890 | D:5      | Noticed Menkaure
  4891 | D:5      | 4891 ||| INVOKING Heroism.
  4894 | D:5      | Killed Menkaure
  4934 | D:5      | Reached skill level 6 in Fighting
  5122 | D:5      | 5122 ||| READING scroll labelled HES XIAGACALI.
  5302 | D:6      | 5302 ||| FLEEEEING.
  5303 | D:6      | 5303 ||| FLEEEEING.
  5304 | D:6      | 5304 ||| FLEEEEING.
  5308 | D:6      | 5308 ||| STAIRDANCE
  5314 | D:5      | 5314 ||| INVOKING Heroism.
  5325 | D:5      | Reached skill level 3 in Invocations
  5490 | D:6      | 5490 ||| INVOKING Heroism.
  5596 | D:6      | 5596 ||| INVOKING Heroism.
  5598 | D:6      | 5598 ||| Stepping ~*~*~tactically~*~*~ (outnumbered).
  5601 | D:6      | 5601 ||| Stepping ~*~*~tactically~*~*~ (outnumbered).
  5733 | D:6      | 5733 ||| SWAPPING to +1 orcbow of electrocution.
  5734 | D:6      | 5734 ||| DROPPING +0 orcbow.
  5753 | D:6      | Reached skill level 10 in Ranged Weapons
  5771 | D:6      | Reached ** piety under Okawaru
  5782 | D:6      | Noticed Eustachio
  5783 | D:6      | 5783 ||| INVOKING Heroism.
  5785 | D:6      | 5785 ||| FLEEEEING.
  5786 | D:6      | 5786 ||| FLEEEEING.
  5787 | D:6      | 5787 ||| FLEEEEING.
  5788 | D:6      | 5788 ||| FLEEEEING.
  5789 | D:6      | 5789 ||| FLEEEEING.
  5791 | D:6      | 5791 ||| FLEEEEING.
  5792 | D:6      | 5792 ||| FLEEEEING.
  5793 | D:6      | 5793 ||| FLEEEEING.
  5794 | D:6      | 5794 ||| FLEEEEING.
  5795 | D:6      | 5795 ||| FLEEEEING.
  5796 | D:6      | 5796 ||| STAIRDANCE
  5822 | D:5      | 5822 ||| READING scroll labelled ZALIACS COVAPN.
  5825 | D:6      | 5825 ||| INVOKING Heroism.
  5829 | D:6      | 5829 ||| STAIRDANCE
  5831 | D:5      | 5831 ||| FLEEEEING.
  5832 | D:5      | 5832 ||| FLEEEEING.
  5834 | D:5      | 5834 ||| FLEEEEING.
  5835 | D:5      | 5835 ||| FLEEEEING.
  5836 | D:5      | 5836 ||| FLEEEEING.
  5837 | D:5      | 5837 ||| FLEEEEING.
  5838 | D:5      | 5838 ||| FLEEEEING.
  5839 | D:5      | 5839 ||| FLEEEEING.
  5840 | D:5      | 5840 ||| FLEEEEING.
  5841 | D:5      | 5841 ||| FLEEEEING.
  5843 | D:5      | 5843 ||| FLEEEEING.
  5844 | D:5      | 5844 ||| FLEEEEING.
  5845 | D:5      | 5845 ||| FLEEEEING.
  5846 | D:5      | 5846 ||| FLEEEEING.
  5847 | D:5      | 5847 ||| FLEEEEING.
  5848 | D:5      | 5848 ||| FLEEEEING.
  5849 | D:5      | 5849 ||| FLEEEEING.
  5850 | D:5      | 5850 ||| FLEEEEING.
  5851 | D:5      | 5851 ||| FLEEEEING.
  5852 | D:5      | 5852 ||| FLEEEEING.
  5853 | D:5      | 5853 ||| FLEEEEING.
  5854 | D:5      | 5854 ||| FLEEEEING.
  5856 | D:5      | 5856 ||| STAIRDANCE
  5873 | D:5      | 5873 ||| INVOKING Heroism.
  5881 | D:5      | 5881 ||| FLEEEEING.
  5882 | D:5      | 5882 ||| STAIRDANCE
  5884 | D:4      | 5884 ||| FLEEEEING.
  5885 | D:4      | 5885 ||| FLEEEEING.
  5886 | D:4      | 5886 ||| FLEEEEING.
  5895 | D:4      | 5895 ||| STAIRDANCE
  5923 | D:4      | 5923 ||| INVOKING Heroism.
  5924 | D:4      | Killed Eustachio
  5925 | D:4      | Reached XP level 9. HP: 75/75 MP: 8/11
  5954 | D:4      | 5954 ||| UPGRADING to +2 leather armour of poison
                  | resistance.
  5964 | D:4      | 5964 ||| DROPPING +0 ring mail.
  6055 | D:6      | 6055 ||| INVOKING Heroism.
  6406 | D:6      | 6406 ||| DRINKING 2 bubbling grey potions.
  6407 | D:6      | 6407 ||| DRINKING 3 brown potions.
  6408 | D:6      | 6408 ||| DRINKING 3 potions of curing.
  6408 | D:6      | 6408 ||| (to cure confusion)
  6409 | D:6      | 6409 ||| DROPPING potion of attraction.
  6410 | D:6      | 6410 ||| DROPPING 2 potions of ambrosia.
  6513 | D:7      | Noticed a green ugly thing
  6520 | D:7      | 6520 ||| INVOKING Heroism.
  6523 | D:7      | Killed a green ugly thing
  6524 | D:7      | Reached skill level 6 in Dodging
  6705 | D:7      | 6705 ||| FLEEEEING.
  6706 | D:7      | 6706 ||| FLEEEEING.
  6707 | D:7      | 6707 ||| FLEEEEING.
  6708 | D:7      | 6708 ||| FLEEEEING.
  6709 | D:7      | 6709 ||| FLEEEEING.
  6710 | D:7      | 6710 ||| FLEEEEING.
  6711 | D:7      | 6711 ||| FLEEEEING.
  6712 | D:7      | 6712 ||| FLEEEEING.
  7065 | D:7      | Found a sparkling altar of Nemelex Xobeh.
  7098 | D:8      | 7098 ||| STAIRDANCE
  7125 | D:8      | 7125 ||| STAIRDANCE
  7127 | D:8      | 7127 ||| STAIRDANCE
  7129 | D:8      | 7129 ||| STAIRDANCE
  7131 | D:8      | 7131 ||| DRINKING 2 potions of curing.
  7131 | D:8      | 7131 ||| (to cure confusion)
  7165 | D:8      | Reached skill level 11 in Ranged Weapons
  7203 | D:8      | 7203 ||| INVOKING Heroism.
  7217 | D:8      | Reached XP level 10. HP: 84/86 MP: 10/12
  7299 | D:8      | Found a shadowy altar of Dithmenos.
  7398 | D:8      | 7398 ||| INVOKING Heroism.
  7405 | D:8      | Reached skill level 12 in Ranged Weapons
  7471 | D:8      | Found Gin Ferafiom's Jewellery Boutique.
  7477 | D:8      | 7477 ||| SHOPLISTING amulet "Tosuiluoh" {Faith Str+5 SInv}
                  | (925 gold, have 403).
  7477 | D:8      | 7477 ||| SHOPLISTING ring of Xaupp {rPois rC+ Str+3 Slay+2}
                  | (730 gold, have 403).
  7477 | D:8      | 7477 ||| BUYING ring of protection from fire (375 gold).
  7477 | D:8      | Bought a ring of protection from fire for 375 gold pieces
  7578 | D:8      | Reached *** piety under Okawaru
  7786 | D:8      | 7786 ||| DRINKING 2 inky potions.
  7787 | D:8      | 7787 ||| READING 3 scrolls of identify.
  7787 | D:8      | 7787 ||| IDENTIFYING fizzy inky potion
  7788 | D:8      | 7788 ||| READING 2 scrolls of identify.
  7788 | D:8      | 7788 ||| IDENTIFYING bubbling silvery potion
  7789 | D:8      | 7789 ||| DROPPING potion of invisibility.
  7811 | D:9      | Found a snail-covered altar of Cheibriados.
  7892 | D:9      | Reached skill level 13 in Ranged Weapons
  7945 | D:9      | Found a staircase to the Lair.
  8093 | D:9      | 8093 ||| INVOKING Heroism.
  8236 | D:9      | 8236 ||| INVOKING Heroism.
  8315 | D:9      | 8315 ||| PLANNING LAIR
  8315 | D:9      | 8315 ||| READING 2 scrolls of identify.
  8315 | D:9      | 8315 ||| IDENTIFYING golden potion
  8316 | D:9      | 8316 ||| DROPPING potion of degeneration.
  8326 | Lair:1   | Entered Level 1 of the Lair of Beasts
  8326 | Lair:1   | Noticed a cane toad
  8327 | Lair:1   | 8327 ||| INVOKING Heroism.
  8327 | Lair:1   | Noticed a cane toad
  8330 | Lair:1   | Killed a cane toad
  8331 | Lair:1   | Reached skill level 9 in Fighting
  8337 | Lair:1   | Killed a cane toad
  8337 | Lair:1   | Reached **** piety under Okawaru
  8347 | Lair:1   | Noticed a boulder beetle
  8348 | Lair:1   | 8348 ||| Stepping ~*~*~tactically~*~*~ (water).
  8350 | Lair:1   | 8350 ||| Stepping ~*~*~tactically~*~*~ (water).
  8352 | Lair:1   | 8352 ||| Stepping ~*~*~tactically~*~*~ (water).
  8354 | Lair:1   | 8354 ||| Stepping ~*~*~tactically~*~*~ (water).
  8355 | Lair:1   | 8355 ||| INVOKING Heroism.
  8480 | Lair:1   | Noticed Prince Ribbit
  8481 | Lair:1   | 8481 ||| INVOKING Heroism.
  8502 | Lair:1   | Killed Prince Ribbit
  8580 | Lair:1   | Reached XP level 11. HP: 97/97 MP: 13/13
  8596 | Lair:1   | 8596 ||| INVOKING Heroism.
  8608 | Lair:1   | Reached skill level 14 in Ranged Weapons
  8656 | Lair:1   | Noticed Harold
  8657 | Lair:1   | 8657 ||| INVOKING Heroism.
  8665 | Lair:1   | Killed Harold
  8689 | Lair:1   | 8689 ||| INVOKING Heroism.
  8691 | Lair:1   | Reached ***** piety under Okawaru
  8698 | Lair:1   | 8698 ||| INVOKING Finesse.
  8699 | Lair:1   | 8699 ||| INVOKING Finesse.
  8706 | Lair:1   | Killed a boulder beetle
  8795 | Lair:1   | Reached skill level 6 in Invocations
  8812 | Lair:1   | 8812 ||| INVOKING Heroism.
  8983 | Lair:1   | 8983 ||| INVOKING Heroism.
  9029 | Lair:1   | Received a gift from Okawaru
  9438 | Lair:2   | Noticed Gastronok
  9439 | Lair:2   | 9439 ||| INVOKING Heroism.
  9454 | Lair:2   | Killed Gastronok
  9454 | Lair:2   | Received a gift from Okawaru
  9507 | Lair:2   | 9507 ||| INVOKING Heroism.
  9538 | Lair:2   | 9538 ||| INVOKING Heroism.
  9611 | Lair:2   | Noticed a lindwurm
  9612 | Lair:2   | 9612 ||| INVOKING Heroism.
  9623 | Lair:2   | Killed a lindwurm
  9630 | Lair:2   | Reached skill level 15 in Ranged Weapons
  9631 | Lair:2   | Reached XP level 12. HP: 106/106 MP: 17/17
  9829 | Lair:2   | Reached skill level 9 in Invocations
 10150 | Lair:2   | 10150 ||| INVOKING Heroism.
 10154 | Lair:2   | Identified the -2 hat of Midsummer {Int+6} (Okawaru gifted
                  | it to you on level 2 of the Lair of Beasts)
 10154 | Lair:2   | Received a gift from Okawaru
 10636 | Lair:2   | 10636 ||| UPGRADING to +1 cloak of willpower.
 10646 | Lair:2   | 10646 ||| DROPPING +0 cloak.
 10647 | Lair:2   | 10647 ||| UPGRADING to +1 hat.
 10652 | Lair:2   | 10652 ||| DROPPING -2 hat of Midsummer {Int+6}.
 10653 | Lair:2   | 10653 ||| DROPPING amulet of guardian spirit.
 10654 | Lair:2   | 10654 ||| DROPPING ring of resist corrosion.
 10655 | Lair:2   | 10655 ||| READING scroll labelled EMOTOSI CULOU.
 10719 | Lair:3   | 10719 ||| STAIRDANCE
 10721 | Lair:2   | 10721 ||| INVOKING Heroism.
 10733 | Lair:2   | HP: 18/106 [rime drake/icy flash freeze (14)]
 10734 | Lair:2   | 10734 ||| READING 3 scrolls of teleportation.
 10735 | Lair:2   | 10735 ||| DRINKING potion of heal wounds.
 10917 | Lair:3   | 10917 ||| INVOKING Heroism.
 10921 | Lair:3   | Reached skill level 16 in Ranged Weapons
 10963 | Lair:3   | Found a staircase to the Shoals.
 11118 | Lair:3   | 11118 ||| FLEEEEING.
 11121 | Lair:3   | 11121 ||| INVOKING Heroism.
 11131 | Lair:3   | Reached skill level 9 in Dodging
 11145 | Lair:3   | HP: 18/107 [yak (21)]
 11146 | Lair:3   | 11146 ||| READING 2 scrolls of teleportation.
 11148 | Lair:3   | HP: 8/108 [komodo dragon (3)]
 11187 | Lair:3   | 11187 ||| INVOKING Heroism.
 11193 | Lair:3   | 11193 ||| READING scroll of teleportation.
 11471 | Lair:3   | Found a hole to the Spider Nest.
 11554 | Lair:3   | Noticed a six-headed hydra
 11555 | Lair:3   | 11555 ||| INVOKING Heroism.
 11565 | Lair:3   | Killed a six-headed hydra
 11606 | Lair:3   | 11606 ||| INVOKING Heroism.
 11640 | Lair:3   | 11640 ||| INVOKING Heroism.
 11644 | Lair:3   | Reached skill level 12 in Fighting
 11678 | Lair:3   | Received a gift from Okawaru
 11679 | Lair:3   | Reached XP level 13. HP: 116/118 MP: 19/19
 11701 | Lair:3   | 11701 ||| INVOKING Heroism.
 11850 | Lair:3   | 11850 ||| INVOKING Heroism.
 12108 | Lair:3   | 12108 ||| DROPPING scarf of repulsion.
 12109 | Lair:3   | 12109 ||| DROPPING amulet of magic regeneration.
 12110 | Lair:3   | 12110 ||| READING 2 scrolls of identify.
 12110 | Lair:3   | 12110 ||| IDENTIFYING glowing pink potion
 12152 | Lair:4   | 12152 ||| INVOKING Heroism.
 12207 | Lair:4   | 12207 ||| INVOKING Heroism.
 12283 | Lair:4   | 12283 ||| INVOKING Heroism.
 12305 | Lair:4   | 12305 ||| INVOKING Finesse.
 12330 | Lair:4   | 12330 ||| INVOKING Heroism.
 12506 | Lair:4   | 12506 ||| INVOKING Heroism.
 12535 | Lair:4   | Noticed Nessos
 12541 | Lair:4   | Killed Nessos
 12549 | Lair:4   | 12549 ||| SWAPPING to +2 longbow of flaming.
 12550 | Lair:4   | 12550 ||| DROPPING +1 orcbow of draining.
 12733 | Lair:4   | 12733 ||| READING scroll labelled NYUNTOD VETANT.
 12757 | Lair:5   | Entered Level 5 of the Lair of Beasts
 12763 | Lair:5   | 12763 ||| INVOKING Heroism.
 12784 | Lair:5   | HP: 30/122 [yak (13)]
 12786 | Lair:5   | HP: 4/122 [yak (13)]
 12788 | Lair:5   | Mangled by a yak

Levels and vault maps discovered:
D:1:      dpeg_arrival_round_c, layout_rooms, minmay_box_of_dots
D:2:      layout_loops_cross, serial_co_window_serial, co_window_cross_1,
          co_window_cross_1, co_window_corner_a, co_window_paths_a,
          co_window_paths_b, co_window_paths_a, co_window_paths_a,
          co_window_corner_a, co_window_paths_a, co_window_paths_c,
          co_window_corner_b, co_window_2corner, co_window_4corner_b,
          glass_columns_c, glass_columns_a, glass_columns_b, glass_columns_b,
          minmay_pentomino_z4
D:3:      layout_loops_ring, nicolae_overflow_ecumenical_swirl,
          nicolae_qazlal_beasts_of_the_sky
D:4:      layout_loops_ring, makhleb_heckhound_becter,
          minmay_temple_entry_arrows, gup_sewer_entry_glass, minivault_26
D:5:      layout_gridville, fedhas_ov_isle_minmay, okawaru_trees_2,
          amcnicky_altar_gilded, mainiacjoe_overflow_cross_hatched,
          hangedman_abyss_or_decor_lesser_grid, uniq_menkaure, uniq_grinder
D:6:      layout_loops_ring, uniq_eustachio
D:7:      layout_cave_pools, lemuel_coloured_pillars_altar, minmay_fountain_box
D:8:      layout_rooms, kennysheep_mini, serial_curves, eino_curves_02,
          eino_curves_03, serial_shops, shop
D:9:      layout_cave_pools, mainiacjoe_overflow_tiny_flanked, lair_entry_dummy,
          grunt_ministairs_3
Temple:   chequers_temple_sunken
Lair:1:   layout_regular_city, infiniplex_staircase_pool_2, uniq_harold,
          uniq_prince_ribbit2
Lair:2:   layout_hall_layers, uniq_gastronok
Lair:3:   layout_gridlike, elwin_shoals_entry_rooms, dummy_spider_entry,
          grunt_megastairs_1
Lair:4:   layout_big_grid, uniq_nessos
Lair:5:   minmay_lair_end_frog_pond, layout_hall_layers, slime_entry_2,
          uniq_rupert

Skill      XL: |  1  2  3  4  5  6  7  8  9 10 11 12 13 |
---------------+----------------------------------------+-----
Ranged Weapons | 3 4 5 7 8 10 11 13 15 16 | 16.5
Fighting       | 2 4 5 6 7 9 10 12 13 | 13.0
Armour         | 1 3 4 |  4.5
Dodging        | 3 4 6 7 8 9 11 | 11.0
Invocations    | 4 8 10 | 10.0
Spellcasting   | |  1.0
Hexes          | |  2.0

Action                     |  1- 3 |  4- 6 |  7- 9 | 10-12 | 13-15 || total
---------------------------+-------+-------+-------+-------+-------++-------
   Fire: Sling             |    95 |    77 |       |       |       ||   172
         Orcbow            |       |    35 |   326 |   602 |   138 ||  1101
         Longbow           |       |       |       |       |    41 ||    41
 Invoke: Heroism           |       |       |    11 |    23 |     8 ||    42
         Finesse           |       |       |       |     1 |     1 ||     2
    Use: Scroll            |     4 |     3 |     6 |     7 |     2 ||    22
         Potion            |     2 |       |     5 |     2 |       ||     9
 Armour: Ring mail         |     5 |    13 |    35 |       |       ||    53
         Leather armour    |       |       |     8 |    31 |     4 ||    43
  Dodge: Dodged            |    20 |    44 |   170 |   361 |   129 ||   724

Table legend:
 A = Non-vault XP
 B = Vault XP
 C = Vault XP percentage of total XP
 D = Non-vault monster count
 E = Vault monster count
 F = Vault count percentage of total count
                 A         B        C        D         E       F
            +---------+---------+-------+---------+---------+-------
      Total |   43544 |    8780 |  16.8 |     306 |      55 |  15.2
            +---------+---------+-------+---------+---------+-------
        D:1 |      33 |       3 |   8.3 |      19 |       2 |   9.5
        D:2 |      24 |       5 |  17.2 |      15 |       3 |  16.7
        D:3 |     149 |     133 |  47.2 |      21 |       1 |   4.5
        D:4 |     373 |     279 |  42.8 |      12 |       4 |  25.0
        D:5 |     858 |     475 |  35.6 |      15 |       2 |  11.8
        D:6 |     580 |       0 |   0.0 |      16 |       0 |   0.0
        D:7 |    1290 |       0 |   0.0 |      10 |       0 |   0.0
        D:8 |    2433 |       0 |   0.0 |      39 |       0 |   0.0
        D:9 |    1823 |     212 |  10.4 |      22 |       2 |   8.3
     Lair:1 |    6331 |    1678 |  21.0 |      26 |       4 |  13.3
     Lair:2 |    9897 |    1585 |  13.8 |      43 |       1 |   2.3
     Lair:3 |    8289 |    2802 |  25.3 |      35 |      11 |  23.9
     Lair:4 |    8874 |     986 |  10.0 |      22 |       1 |   4.3
     Lair:5 |    2590 |     418 |  13.9 |      11 |       1 |   8.3
      Sewer |       0 |     204 | 100.0 |       0 |      23 | 100.0
            +---------+---------+-------+---------+---------+-------
